 Dungeon Crawl Stone Soup version 0.24.0-41-g2ae2f7f1be (webtiles) character file.

Game seed: 8051906397172477227, levelgen mode: deterministic

14 DavidChitty2 the Conjurer (level 2, -1/22 HPs)
             Began as a Draconian Conjurer on Dec 11, 2019.
             Slain by Sigmund
             ... wielding a +0 scythe
              (8 damage)
             ... on level 2 of the Dungeon.
             The game lasted 00:01:35 (1264 turns).

DavidChitty2 the Conjurer (Draconian Conjurer)      Turns: 1264, Time: 00:01:36

Health: -1/22      AC:  5    Str: 10    XL:     2   Next: 27%
Magic:  0/5        EV: 12    Int: 15    God:
Gold:   17         SH:  0    Dex: 11    Spells: 2/5 levels left

rFire    . . .     SeeInvis .   a - +0 dagger
rCold    . . .     Gourm    .   (no shield)
rNeg     . . .     Faith    .   (armour unavailable)
rPois    .         Spirit   .   (helmet restricted)
rElec    .         Reflect  .   h - +0 cloak
rCorr    .         Harm     .   (no gloves)
MR       .....                  (no boots)
Stlth    ++........             (no amulet)
HPRegen  0.07/turn              (no ring)
MPRegen  0.09/turn              (no ring)

@: no status effects
A: unfitting armour, cold-blooded, AC +4
a: no special abilities


You were on level 2 of the Dungeon.
You were hungry.

You visited 1 branch of the dungeon, and saw 2 of its levels.

You collected 17 gold pieces.

Inventory:

Hand Weapons
 a - a +0 dagger (weapon)
   (You took it off a goblin on level 1 of the Dungeon)
Missiles
 b - 30 stones (quivered)
 j - 19 sling bullets
Armour
 h - a +0 cloak (worn)
   (You found it on level 2 of the Dungeon)
Scrolls
 c - a scroll of teleportation {unknown}
 i - 3 scrolls of identify {unknown}
Potions
 d - 2 potions of ambrosia {unknown}
 f - a potion of curing {unknown}
 g - a potion of magic {unknown}
 k - a potion of degeneration {unknown}
Comestibles
 e - 3 rations {!d}
 l - a chunk of flesh


   Skills:
 + Level 0.9 Fighting
 - Level 1.7 Dodging
 - Level 1.7 Stealth
 + Level 2.2 Spellcasting
 * Level 4.3 Conjurations


You had 2 spell levels left.
You knew the following spells:

 Your Spells              Type           Power        Failure   Level  Hunger
a - Magic Dart            Conj           ##..         3%          1    #......
s - Searing Ray           Conj           ##....       5%          2    ###....

Your spell library contained the following spells:

 Spells                   Type           Power        Failure   Level  Hunger
 Dazzling Spray           Conj/Hex       #.....       26%         3    ###....
 Iskenderun's Mystic Bla  Conj           ##......     36%         4    #####..
 Force Lance              Conj/Tloc      #.......     65%         4    #####..
 Fulminant Prism          Conj/Hex       #.........   65%         4    #####..


Dungeon Overview and Level Annotations

Branches:
Dungeon (2/15)

Altars:

Annotations:
D:2 Sigmund


Innate Abilities, Weirdness & Mutations

Your plain brown scales are hard. (AC +4)
You cannot fit into any form of body armour.
You are cold-blooded and may be slowed by cold attacks.


Message History

You kill the goblin!
You can't see any susceptible monsters within range! (Use Z to cast anyway.)
You start resting.
Found a stone staircase leading down.
Found a scroll labeled BUTHRI QONIXE.
Found an escape hatch in the ceiling.
i - 3 scrolls labeled BUTHRI QONIXE (gained 1) Sigmund the Dreaded comes into view.
He is wielding a +0 scythe and carrying a wand of random effects (10).
Aim: Sigmund, wielding a +0 scythe, wearing a +0 robe and carrying a wand of random effects (10) (resting)
The searing ray hits Sigmund.
Sigmund shouts! (Press . to maintain the ray.)
The searing ray hits Sigmund.
Sigmund hits you from afar with a +0 scythe!
Ouch! That really hurt!
* * * LOW HITPOINT WARNING * * *
The searing ray hits Sigmund.
The searing ray hits Sigmund!
You finish channeling your searing ray.
Sigmund closely misses you.
Sigmund points at you and mumbles some strange words.
You resist with significant effort.
There is an escape hatch in the ceiling here.
Aim: Sigmund, wielding a +0 scythe, wearing a +0 robe and carrying a wand of random effects (10) (heavily wounded)
The magic dart hits Sigmund.
Sigmund says, "You will soon forget everything."
Sigmund barely misses you. Sigmund barely misses you.
You hit Sigmund but do no damage.
You tail-slap Sigmund, but do no damage.
You closely miss Sigmund. Sigmund closely misses you.
You barely miss Sigmund.
Your tail-slap misses Sigmund.
Sigmund closely misses you.
You hit Sigmund. You closely miss Sigmund.
Sigmund is suddenly surrounded by pale blue light.
Sigmund hits you with a +0 scythe.
* * * LOW HITPOINT WARNING * * *
You hit Sigmund but do no damage.
You tail-slap Sigmund, but do no damage.
Sigmund closely misses you.
Aim: Sigmund, wielding a +0 scythe, wearing a +0 robe and carrying a wand of random effects (10) (severely wounded)
The magic dart hits Sigmund but does no damage.
You are feeling hungry.
You closely miss Sigmund. Sigmund gestures at you while chanting.
You resist with significant effort.
You hit Sigmund. You tail-slap Sigmund.
Sigmund laughs darkly.
Sigmund hits you with a +0 scythe!
You die...

#.# #.# #.# #.# #.# #.# #.#
#.# ###.###.#### ###
#..........#.... .###
#####.............# .#.#
###...#....@@.<..#..# .#.##
#.......#.###.##.#..# .#..#
#.#...#.#.# #.##.#..###.#..#
#.#####.#.###.##.#......#..##
#.# #.......##.#.###.##....
#.# ###.###.##.#.#.......#
... ...........#.#.#.##..#
#.... .....................##
#.####
###>...................


You could see Sigmund.

Vanquished Creatures
  A giant cockroach (D:2)
  3 goblins
  A hobgoblin (D:1)
  2 kobolds (D:1)
  4 bats
  A frilled lizard (D:1)
  2 rats (D:1)
14 creatures vanquished.

Notes
Turn   | Place    | Note
-------+----------+-------------------------------------------
     0 | D:1      | DavidChitty2 the Draconian Conjurer began the quest for the
                  | Orb.
     0 | D:1      | Reached XP level 1. HP: 14/14 MP: 3/3
   794 | D:1      | Reached XP level 2. HP: 22/22 MP: 3/5
   819 | D:1      | Learned a level 2 spell: Searing Ray
  1233 | D:2      | Noticed Sigmund
  1264 | D:2      | Slain by Sigmund

Levels and vault maps discovered:
D:1:      scummos_arrival_star, layout_basic
D:2:      layout_basic, first_ration, uniq_sigmund, uniq_jessica

Action                   || total
-------------------------++-------
Melee: Dagger            ||    18
       Tailslap          ||     3
 Cast: Magic Dart        ||    27
       Searing Ray       ||     1
  Eat: Chunk             ||     1
Armor: Skin              ||     1
Dodge: Dodged            ||    18
